 Dungeon Crawl Stone Soup version 0.28.0-45-g0d030f2227 (webtiles) character file.

Game seed: 4475473518168827611

602 Peloso the Covered (level 7, -6/60 HPs)
             Began as a Minotaur Fighter on Apr 5, 2022.
             Splashed by a jelly's acid (7 damage)
             ... on level 4 of the Dungeon.
             The game lasted 00:05:04 (3662 turns).

Peloso the Covered (Minotaur Fighter)               Turns: 3662, Time: 00:05:06

Health: -6/60      AC:  0    Str: 20    XL:     7   Next: 18%
Magic:  6/6        EV:  6    Int:  5    God:
Gold:   119        SH:  5    Dex: 12    Spells: 6/6 levels left

rFire   . . .      SeeInvis .   a - +0 long sword
rCold   . . .      Faith    .   c - +0 buckler
rNeg    + . .      Spirit   .   j - +0 plate armour
rPois   .          Reflect  .   (helmet restricted)
rElec   .          Harm     .   (no cloak)
rCorr   .          Rampage  .   (no gloves)
Will    +....                   (no boots)
Stlth   ..........              (no amulet)
HPRegen 0.20/turn               p - ring of willpower
MPRegen 0.10/turn               g - ring of positive energy

@: lethally poisoned (-6 -> -10), corroded
A: horns 2, retaliatory headbutt
a: no special abilities


You were on level 4 of the Dungeon.
You visited 1 branch of the dungeon, and saw 4 of its levels.

You collected 119 gold pieces.

Inventory:

Hand Weapons
 a - a +0 long sword (weapon)
Armour
 b - a +0 scale mail
 c - a +0 buckler (worn)
 h - a +0 chain mail
 j - a +0 plate armour (worn)
Jewellery
 g - a ring of positive energy (right hand)
 l - an amulet of magic regeneration
 p - a ring of willpower (left hand)
Wands
 n - a wand of flame (7)
 q - a wand of digging (1)
Scrolls
 f - a scroll of summoning {unknown}
 i - a scroll of identify {unknown}
 o - 2 scrolls of fog {unknown}
 r - a scroll of immolation {unknown}
 s - a scroll of brand weapon {unknown}
Potions
 d - a potion of might
 e - a potion of degeneration {unknown}
 k - a potion of curing {unknown}
 m - 2 potions of heal wounds {unknown}
 t - a potion of haste {unknown}


   Skills:
 + Level 4.9 Fighting
 + Level 6.0 Long Blades
 + Level 6.5 Armour
 + Level 0.7 Dodging
 + Level 0.4 Stealth
 + Level 4.8 Shields


You had 6 spell levels left.
You didn't know any spells.
Your spell library contained the following spells:

 Spells                   Type           Power      Damage    Failure   Level
 Foxfire                  Conj/Fire      0%         2x1d4     100%        1
 Conjure Flame            Conj/Fire      0%         6-21      100%        3
 Inner Flame              Hex/Fire       0%         N/A       100%        3
 Tukima's Dance           Hex            0%         N/A       100%        3
 Flame Wave               Conj/Fire      0%         2d4       100%        4
 Passage of Golubria      Tloc           0%         N/A       100%        4
 Yara's Violent Unravell  Hex/Tmut       0%         3d3       100%        5


Dungeon Overview and Level Annotations

Branches:
Dungeon (4/15)
 Temple: D:4-7

Altars:


Innate Abilities, Weirdness & Mutations

You have a pair of horns on your head.
You reflexively headbutt those who attack you in melee.


Message History

You slash the jelly! The acid corrodes you!
Your hands burn!
The jelly is heavily wounded.
You block the jelly's attack.
You hit the jelly. The acid corrodes you!
Your hands burn!
You headbutt the jelly, but do no damage.
The jelly is severely wounded.
You block the jelly's attack.
You hit the jelly but do no damage.
Your hands burn!
The jelly is severely wounded.
The jelly hits you.
You are splashed with acid!
The adder barely misses you.
You hit the jelly but do no damage. The acid corrodes you!
Your hands burn!
You headbutt the jelly, but do no damage.
The jelly is severely wounded.
The adder bites you.
You are poisoned.
The adder poisons you! The jelly barely misses you.
You barely miss the jelly. You headbutt the jelly.
The jelly is severely wounded.
You feel sick. The adder bites you. The jelly hits you.
You are splashed with acid!
The adder closely misses you. You furiously retaliate!
You headbutt the adder, but do no damage.
Unknown command.
You hit the jelly.
Your hands burn!
* * * LOW HITPOINT WARNING * * *
The jelly is almost dead.
You feel sick. You block the jelly's attack. You block the adder's attack.
You hit the jelly but do no damage.
Your hands burn!
* * * LOW HITPOINT WARNING * * *
You headbutt the jelly, but do no damage.
The jelly is almost dead.
You feel sick.
You are no longer poisoned.
The adder bites you.
* * * LOW HITPOINT WARNING * * *
You are lethally poisoned!
The adder poisons you! The jelly hits you.
* * * LOW HITPOINT WARNING * * *
You are splashed with acid!
You die...

###.###### ##..)...#
##.......######.#.....#
......#.....##.###....#
#...#.#.....#.## ##..##
#..##........## ##.#
#..####.....#.## #.##
#..####.....##.###.#
#........######.#.#
#.###..### ##@#
#.##...# ......SJ#
.#..#.## .#####..#
##).#... #..# ..#.#.#.#
...# .##.#.#<# ##.##
##).#.# # #. #####.# ..
.##


You could see a jelly and an adder.

Vanquished Creatures
  Sigmund (D:3)
  Menkaure (D:4)
  A hound (D:3)
  Ijyb (D:4)
  Jessica (D:3)
  3 orc wizards (D:4)
  A hound skeleton (D:3)
  Robin (D:3)
  4 adders
  An adder skeleton (D:4)
  3 worms
  A dart slug (D:1)
  9 orcs
  6 ball pythons
  3 bats
  9 endoplasms
  A giant cockroach (D:4)
  16 goblins
  10 hobgoblins
  2 jackals (D:1)
  13 kobolds
  3 quokkas
  2 frilled lizards
  3 rats
96 creatures vanquished.

Vanquished Creatures (others)
  A goblin (D:3)
1 creature vanquished.

Grand Total: 97 creatures vanquished

Notes
Turn   | Place    | Note
-------+----------+-------------------------------------------
     0 | D:1      | Peloso the Minotaur Fighter began the quest for the Orb.
     0 | D:1      | Reached XP level 1. HP: 19/19 MP: 0/0
   297 | D:1      | Reached XP level 2. HP: 20/27 MP: 1/1
   705 | D:1      | Reached XP level 3. HP: 22/33 MP: 2/2
  1533 | D:3      | Reached XP level 4. HP: 37/40 MP: 3/3
  1605 | D:3      | Noticed Sigmund
  1614 | D:3      | Killed Sigmund
  1615 | D:3      | Reached skill level 5 in Armour
  1615 | D:3      | Reached XP level 5. HP: 18/47 MP: 4/4
  1914 | D:3      | Noticed Jessica
  1916 | D:3      | Killed Jessica
  1917 | D:3      | Reached XP level 6. HP: 37/53 MP: 5/5
  2035 | D:3      | Noticed Robin
  2050 | D:3      | Killed Robin
  2051 | D:3      | Reached skill level 5 in Long Blades
  2954 | D:4      | Noticed Ijyb
  2974 | D:4      | Killed Ijyb
  3303 | D:4      | Noticed Menkaure
  3313 | D:4      | Killed Menkaure
  3314 | D:4      | Reached XP level 7. HP: 12/60 MP: 6/6
  3662 | D:4      | HP: 1/60 [jelly (3)]
  3662 | D:4      | Splashed by a jelly's acid

Illustrated notes

Levels and vault maps discovered:
D:1:      minmay_arrival_widening_spiral_wide, layout_basic
D:2:      layout_rooms, hangedman_glass_teeth
D:3:      layout_loops_ring, uniq_robin, uniq_jessica, uniq_sigmund
D:4:      layout_loops_cross, hangedman_decor_slide_cut, minmay_cut_off,
          uniq_ijyb, uniq_menkaure

Skill      XL: |  1  2  3  4  5  6 |
---------------+-------------------+-----
Armour         | 4 5 6 |  6.5
Fighting       | 4 |  4.9
Shields        | 4 |  4.8
Long Blades    | 3 4 6 |  6.0
Dodging        | |  0.7
Stealth        | |  0.4

Action                   |  1- 3 |  4- 6 |  7- 9 || total
-------------------------+-------+-------+-------++-------
Melee: Long sword        |    87 |   127 |    10 ||   224
       Headbutt          |    13 |    28 |     4 ||    45
Armor: Scale mail        |     7 |       |       ||     7
       Chain mail        |    46 |       |       ||    46
       Plate armour      |     8 |    90 |     2 ||   100
Dodge: Dodged            |    48 |    41 |     4 ||    93
Block: Buckler           |    23 |    27 |     4 ||    54
